 Dungeon Crawl Stone Soup version 0.18.1-50-g88ac8fd (webtiles) character file.

123 atgrul the Conjurer (level 4, -1/28 HPs)
             Began as a High Elf Conjurer on Sept 18, 2016.
             Killed from afar by Natasha (7 damage)
             ... with a magic dart
             ... on level 2 of the Dungeon.
             The game lasted 00:06:16 (2615 turns).

atgrul the Conjurer (High Elf Conjurer)             Turns: 2615, Time: 00:06:17

Health: -1/28      AC:  3    Str:  7    XL:     4   Next: 79%
Magic:  3/8        EV: 12    Int: 20    God:
Gold:   107        SH:  0    Dex: 15    Spells: 1 memorised, 6 levels left

rFire  x . .     SeeInvis .     k - +0 spear
rCold  + . .     Gourm    .     a - +0 robe
rNeg   . . .     Faith    +     (no shield)
rPois  .         Spirit   .     (no helmet)
rElec  .         Dismiss  .     o - +0 cloak
rCorr  .         Reflect  .     (no gloves)
SustAt .         Harm     .     (no boots)
MR     .....                    l - amulet of faith
Stlth  ++........               (no ring)
                                r - ring of ice

@: not resistant to hostile enchantments, unstealthy
A: no striking features
a: no special abilities


You were on level 2 of the Dungeon.
You were not hungry.

You visited 1 branch of the dungeon, and saw 2 of its levels.

You collected 107 gold pieces.

Inventory:

Hand Weapons
 e - a +0 club
 k - a +0 spear (weapon)
Armour
 a - a +0 robe (worn)
 o - a +0 cloak (worn)
Jewellery
 l - an amulet of faith (around neck)
 r - a ring of ice (left hand)
Scrolls
 d - 2 scrolls of recharging {unknown}
 f - a scroll of magic mapping {unknown}
 g - a scroll of enchant weapon {unknown}
 h - a scroll of identify {unknown}
 q - 2 scrolls of remove curse {unknown}
Potions
 i - a potion of degeneration {unknown}
 n - 2 potions of curing
 p - a potion of flight {unknown}
Books
 b - a book of Conjurations

   Spells                             Type                      Level
   a - Magic Dart                     Conjuration                  1
   b - Searing Ray                    Conjuration                  2
   c - Dazzling Spray                 Conjuration/Hexes            3
   d - Fulminant Prism                Conjuration/Hexes            4
   e - Iskenderun's Mystic Blast      Conjuration                  4
   f - Iskenderun's Battlesphere      Conjuration/Charms           5
Comestibles
 c - 3 bread rations
 j - a meat ration


   Skills:
 * Level 1.0 Fighting
 - Level 2.1 Dodging
 - Level 2.1 Stealth
 - Level 2.4 Spellcasting
 * Level 6.6 Conjurations


You had 6 spell levels left.
You knew the following spells:

 Your Spells              Type           Power        Failure   Level  Hunger
a - Magic Dart            Conj           ####         1%          1    #......


Dungeon Overview and Level Annotations

Branches:
Dungeon (2/15)

Altars:
Ashenzari

Annotations:
D:2 Natasha


Message History

Casting: Magic Dart
Confirm with . or Enter, or press ? or * to list all spells.
Aiming: Magic Dart
Press: ? - help, Shift-Dir - straight line, f/p - Natasha
Aim: Natasha (lightly wounded)
The magic dart hits Natasha.
Natasha is moderately wounded.
Natasha stares at you and mumbles some strange words.
The magic dart hits you!
* * * LOW HITPOINT WARNING * * *
Casting: Magic Dart
Confirm with . or Enter, or press ? or * to list all spells.
Aiming: Magic Dart
Press: ? - help, Shift-Dir - straight line, f/p - Natasha
Aim: Natasha (moderately wounded)
The magic dart hits Natasha.
Natasha is heavily wounded.
Natasha stares at you and mumbles some strange words.
The magic dart hits you!
You die...

#.......# #.#
############
####.......# #.# #
#..........# #.# #
#..........# #.# #
#..........# .#.# #
####'###########.#.# #
####.h...........#.# #
...#...........###[###
##
..........h....†@....##
#.
#..h.......)...###.#..#
#.
##....................##
#.
+#............##+##...#
#. ##...........# #...##
#. ##....<.....# #....#
#. .......####....###.##
#. ....... ##+.# #..####
#. ....... ... #.....#
##


You could see Natasha.

Vanquished Creatures
  Natasha (twice) (D:2)
  2 adders
  4 dart slugs
  3 giant geckos
  3 bats
  A giant cockroach (D:1)
  8 goblins
  5 hobgoblins
  4 jackals (D:2)
  2 kobolds
  3 giant newts (D:2)
  6 rats
43 creatures vanquished.

Notes
Turn   | Place    | Note
--------------------------------------------------------------
     0 | D:1      | atgrul the High Elf Conjurer began the quest for the Orb.
     0 | D:1      | Reached XP level 1. HP: 11/11 MP: 4/4
   432 | D:1      | Reached XP level 2. HP: 7/17 MP: 4/6
   708 | D:1      | Reached skill level 5 in Conjurations
  1235 | D:1      | Reached XP level 3. HP: 22/22 MP: 1/7
  1577 | D:2      | Noticed Natasha
  1768 | D:2      | Found a shattered altar of Ashenzari.
  2016 | D:2      | Reached skill level 6 in Conjurations
  2039 | D:2      | HP: 1/22 [hobgoblin/falchion (5)]
  2042 | D:2      | Reached XP level 4. HP: 2/27 MP: 0/8
  2437 | D:2      | Killed Natasha
  2569 | D:2      | Noticed Natasha
  2583 | D:2      | Killed Natasha
  2583 | D:2      | Reached skill level 1 in Fighting
  2612 | D:2      | Noticed Natasha
  2615 | D:2      | Killed from afar by Natasha

Skill      XL: |  1  2  3  4 |
---------------+-------------+-----
Conjurations   | 5 6 |  6.6
Fighting       | 1 |  1.0
Dodging        | |  2.1
Stealth        | |  2.1
Spellcasting   | |  2.4

Action                   |  1- 3 |  4- 6 || total
-------------------------+-------+-------++-------
Melee: Unarmed           |    17 |       ||    17
       Spear             |    61 |     8 ||    69
 Cast: Magic Dart        |    52 |    17 ||    69
  Eat: Chunk             |     3 |       ||     3
       Bread ration      |       |     1 ||     1
Armor: Robe              |    22 |     6 ||    28
Dodge: Dodged            |    73 |    11 ||    84
